Map: Ephemeron LE

Players

ShoWTimE

  • Race: Protoss Protoss
  • League: Grandmaster
  • Spawn Location: 11:00

Denver - Winner!

  • Race: Zerg Zerg
  • League: Master
  • Spawn Location: 5:00

VOD

Have the link to the VOD?

Description

Time

  • Played on: Jan. 14, 2020, 1:35 p.m.
  • Length: 7:12
Show
View Real Time Build Order
Export as new Build Order

ShoWTimE Protoss 

Build Orders: 1 Gate Expand, Oracle Opening 

Get SALT Encoding   

  12  0:00  Probe  
  13  0:12  Probe  
  14  0:17  Pylon  
  14  0:24  Probe (Chrono Boost)  
  15  0:37  Probe (Chrono Boost)  
  15  0:38  Gateway  
  16  0:44  Probe (Chrono Boost)  
  16  0:47  Assimilator  
  17  0:51  Probe  
  18  1:03  Probe  
  19  1:15  Probe  
  20  1:23  Nexus  
  20  1:33  Cybernetics Core  
  20  1:36  Probe  
  21  1:42  Assimilator  
  21  1:48  Probe  
  21  1:51  Pylon  
  22  2:00  Probe  
  23  2:06  Adept (Chrono Boost)  
  23  2:12  Probe  
  26  2:20  Stargate  
  26  2:25  Probe (Chrono Boost)  
  26  2:26  Adept (Chrono Boost)  
  29  2:33  Warp Gate  
  29  2:35  Probe (Chrono Boost)  
  31  2:42  Probe (Chrono Boost)  
  32  2:44  Probe (Chrono Boost)  
  32  2:49  Probe x2 (Chrono Boost)  
  32  2:50  Adept  
  36  3:00  Probe  
  36  3:01  Probe  
  36  3:03  Oracle (Chrono Boost)  
  41  3:10  Pylon  
  42  3:12  Probe  
  42  3:13  Probe  
  43  3:22  Adept  
  43  3:25  Probe  
  46  3:28  Probe  
  46  3:31  Gateway  
  45  3:36  Oracle (Chrono Boost)  
  45  3:37  Probe  
  45  3:40  Probe  
  50  3:49  Probe  
  50  3:50  Pylon  
  50  3:53  Probe  
  52  3:57  Nexus  
  52  4:01  Probe  
  53  4:07  Probe  
  53  4:08  Oracle  
  53  4:09  Pylon  
  57  4:13  Probe  
  57  4:16  Assimilator  
  58  4:20  Probe  
  58  4:21  Assimilator  
  59  4:25  Probe  
  59  4:27  Adept x2  
  64  4:34  Probe, Robotics Facility  
  64  4:37  Probe  
  64  4:38  Pylon  
  66  4:42  Shield Battery  
  66  4:46  Probe  
  66  4:49  Probe  
  66  4:51  Sentry  
  70  4:55  Forge  
  70  4:56  Gateway  
  70  4:58  Probe  
  71  5:01  Probe  
  70  5:07  Pylon, Sentry  
  70  5:10  Probe  
  70  5:13  Probe  
  70  5:18  Adept  
  69  5:27  Phoenix, Shield Battery  
  69  5:33  Pylon  
  69  5:36  Shield Battery  
  66  5:42  Pylon  
  65  5:52  Photon Cannon  
  65  5:55  Zealot  
  67  5:59  Probe  
  68  6:12  Photon Cannon  
  68  6:17  Gateway  
  68  6:18  Zealot  
  68  6:33  Gateway  
  68  6:34  Pylon  
  68  6:40  Pylon  
  68  6:41  Zealot  
  68  6:52  Pylon  
  40  7:05  Zealot  
Show
View Real Time Build Order
Export as new Build Order

Denver Zerg - Winner!

Build Orders: Hatch First 

Get SALT Encoding   

  12  0:00  Drone  
  13  0:13  Overlord  
  13  0:17  Drone  
  14  0:31  Drone x2  
  16  0:48  Hatchery  
  15  0:51  Drone  
  15  0:55  Drone  
  17  0:58  Drone  
  18  1:08  Extractor  
  17  1:14  Spawning Pool  
  17  1:17  Drone  
  17  1:21  Drone  
  18  1:31  Drone  
  19  1:40  Drone  
  20  1:51  Drone  
  21  2:00  Queen x2  
  25  2:02  Zergling x4  
  27  2:10  Metabolic Boost  
  27  2:11  Overlord  
  27  2:14  Drone  
  28  2:31  Drone x2  
  30  2:40  Hatchery  
  30  2:41  Drone  
  30  2:45  Drone  
  30  2:50  Overlord  
  31  2:52  Zergling x2  
  31  2:57  Zergling x2  
  31  2:58  Zergling x2  
  34  3:04  Queen  
  36  3:08  Drone  
  36  3:11  Drone  
  36  3:12  Drone  
  38  3:20  Drone x3  
  40  3:29  Drone x2  
  40  3:33  Spore Crawler  
  40  3:35  Lair  
  40  3:37  Spore Crawler  
  39  3:42  Drone x2  
  39  3:46  Overlord  
  40  3:51  Pneumatized Carapace  
  41  3:55  Drone x2  
  41  3:56  Drone  
  41  3:59  Zergling x4  
  45  4:03  Overlord  
  45  4:06  Drone  
  45  4:08  Spore Crawler  
  45  4:11  Zergling x2  
  45  4:12  Zergling x2  
  45  4:17  Overlord  
  47  4:18  Zergling x4  
  48  4:27  Zergling x10  
  52  4:36  Queen  
  54  4:40  Zergling x6  
  52  5:00  Zergling x20  
  58  5:08  Zergling x2  
  54  5:22  Zergling x12  
  57  5:29  Queen  
  57  5:31  Zergling x2  
  59  5:47  Zergling x8  
  58  5:52  Zergling x2  
  58  5:53  Zergling x6  
  60  6:01  Zergling x2  
  60  6:02  Zergling x4  
  63  6:04  Queen  
  63  6:08  Zergling x2  
  63  6:09  Zergling x8  
  70  6:17  Zergling x4  
  72  6:24  Zergling x4  
  72  6:30  Queen  
  71  6:34  Zergling x4  
  73  6:45  Overlord  
Tags
 
Add a new tag
Caveats
  • Supply blocks, unpowered buildings, or Contaminate may cause inaccurate times.
  • Supply counts are checked every 10 seconds.